Unix NetHack Version 5.0.0-0 post-release - last build Jun 10 2026 00:39:30 (3ee93aec679c4c4259841fe613dc97188e26a321,branch:main).

Game began 2026-06-13 11:22:18, ended 2026-06-13 11:40:40.

Jobair, lawful female human Archeologist

            --------------      -----
           #-...........{|      |....##
           #|............-######....| #
           #|.......)....|      |.{.| ##
           #----.---------      ---+-  #
           #    #                      #
           #    #                      #
           #    #                      #
           #    ##                     #
           #     #                     #
           #     #                     ##
           #     #                      ##
           #   --|------                 #
           #   |........                 #  ..----
           #   |.......|                 #  ......
    -------#   |....<..-                 #@hd....|
    |.....|#   |.......|                    |....|
    |F.....#   |.......|                     ....|
    -------    ---------                     -----

Jobair the Field Worker    St:17 Dx:9 Co:17 In:16 Wi:12 Ch:7  Lawful
Dlvl:6  $:0  HP:0(39) Pw:17(17) AC:5  Xp:4 T:1967  Burdened

Latest messages:
 You have a little trouble lifting J - a ruby potion.
 Your movements are slowed slightly because of your load.
 Godzilla bites it.
 It misses Godzilla.
 Godzilla bites it.
 The werejackal hits it.
 It bites the werejackal.
 You swap places with Godzilla.
 You hear some noises.
 You hear a jackal howling at the moon.
 You hear some noises.
 You swap places with Godzilla.
 You swap places with Godzilla.
 You hear crashing rock.
 You miss the dwarf.
 The dwarf swings his pick-axe.
 The dwarf hits!
 The dwarf swings his pick-axe.
 The dwarf hits!
 You swap places with Godzilla.
 Godzilla misses the dwarf.
 The dwarf zaps a runed wand!
 The magic missile misses Godzilla.
 The magic missile whizzes by you!
 The magic missile bounces!
 You hear crashing rock.
 Godzilla misses it.
 Godzilla misses the dwarf.
 Godzilla misses the dwarf.
 You miss the dwarf.
 Godzilla bites the dwarf.
 The dwarf swings his pick-axe at Godzilla.
 The dwarf hits Godzilla.
 Godzilla bites the dwarf.
 Godzilla misses the dwarf.
 Godzilla misses the dwarf.
 The dwarf swings his pick-axe.
 The dwarf hits!
 Godzilla bites the dwarf.
 The dwarf swings his pick-axe at Godzilla.
 The dwarf misses Godzilla.
 You miss the dwarf.
 The dwarf swings his pick-axe.
 The dwarf hits!
 You die...
 Do you want your possessions identified? [ynq] (y) y
 Do you want to see your attributes? [ynq] (y) y
 Do you want an account of creatures vanquished? [ynaq] (y) y
 Do you want to see your conduct and achievements? [ynq] (y) y
 Do you want to see the dungeon overview? [ynq] (y) y

Inventory:
 Weapons  (')')
  p - 17 +0 darts
  a - a +2 bullwhip (weapon in right hand)
 Armor    ('[')
  E - an uncursed +0 orcish helm (being worn)
  m - a blessed +1 studded leather armor (being worn)
 Comestibles  ('%')
  G - an uncursed goober
  k - an uncursed cram ration
  d - 5 uncursed food rations
  l - 2 cursed food rations
  n - an uncursed egg
 Scrolls  ('?')
  D - a blessed scroll of blank paper
  C - 3 uncursed scrolls of blank paper
  I - an uncursed scroll of light
  F - an uncursed scroll of teleportation
 Spellbooks  ('+')
  j - an uncursed spellbook of cure sickness
 Potions  ('!')
  i - 2 uncursed potions of extra healing
  J - a cursed potion of gain level
  z - 3 uncursed potions of healing
  s - an uncursed potion of sickness
 Wands    ('/')
  B - a wand of speed monster (0:1)
 Tools    ('(')
  b - an uncursed sack containing 2 items
  w - an uncursed magic whistle
  H - a cursed oil lamp
  u - an uncursed skeleton key
  o - 6 uncursed tallow candles
  f - a tinning kit (0:86)
 Gems/Stones  ('*')
  y - an uncursed jet stone
  g - an uncursed touchstone

Contents of the sack:
  146 gold pieces
  a +0 pick-axe

Jobair the Archeologist's attributes:

Background:
 You were a Field Worker, a level 4 female human Archeologist.
 You were lawful, nominally on a mission for Quetzalcoatl
 who was opposed by Camaxtli (neutral) and Huhetotl (chaotic).
 You were right-handed.
 You were in the Dungeons of Doom, on level 6.
 You entered the dungeon 1967 turns ago.
 You had 119 experience points, 41 more were needed to attain level 5.

Basics:
 You had 0 out of 39 hit points.
 You had all 17 energy points (spell power).
 Your armor class was 5.
 Your wallet was empty, but
 you had 146 zorkmids stashed away in your pack.
 Autopickup was off.

Final Characteristics:
 Your strength was 17 (limit:18/100).
 Your dexterity was 9 (limit:18).
 Your constitution was 17 (limit:18).
 Your intelligence was 16 (limit:18).
 Your wisdom was 12 (limit:18).
 Your charisma was 7 (limit:18).

Final Status:
 You weren't hungry.
 You were burdened; movement was slightly slowed.
 You were wielding a whip.
 You had basic skill with whip.

Final Attributes:
 You were devoutly aligned.
 You had automatic searching.
 You were warded.
 You are dead.

Miscellaneous:
 You didn't encounter any bones levels.
 Total elapsed playing time was 18 minutes and 20 seconds.

Major events:
 Turn
    1: Jobair the lawful female human Archeologist entered the dungeon
 1082: attained the rank of Field Worker (level 3)
 1967: killed by a dwarf

You didn't know any spells.

Skills:
 Fighting Skills
   bare handed combat [Unskilled]
   two weapon combat  [Unskilled]
   riding             [Unskilled]
 Weapon Skills
   dagger             [Unskilled]
   knife              [Unskilled]
   pick-axe           [Basic]
   short sword        [Unskilled]
   saber              [Unskilled]
   club               [Unskilled]
   quarterstaff       [Unskilled]
   sling              [Unskilled]
   dart               [Unskilled]
   boomerang          [Unskilled]
   whip               [Basic]
   unicorn horn       [Unskilled]
 Spellcasting Skills
   attack spells      [Unskilled]
   healing spells     [Unskilled]
   divination spells  [Unskilled]
   matter spells      [Unskilled]

Voluntary challenges:
 Character rerolling was not enabled.
 You were an atheist.
 You never genocided any monsters.
 You never polymorphed an object.
 You never changed form.
 You used no wishes.
Achievements:
 You entered a shop.
 You attained the rank of Field Worker.

 The Dungeons of Doom: levels 1 to 6
    Level 1:
    Level 2:
    Level 3:
       A tool shop, many trees.
    Level 4:
    Level 5:
    Level 6: <- You were here.
       Some fountains.
       Final resting place for
          you, killed by a dwarf.


Vanquished creatures:
  a leprechaun
 an imp
  a wood nymph
  2 rock moles
  3 elf zombies
  a paper golem
  a homunculus
  a rabid rat
  a centipede
  a monkey
  a werejackal
 an iguana
  a large kobold
  a giant rat
  a gecko
  2 jackals
  3 foxes
  4 goblins
  7 grid bugs
  3 lichens
  a kobold zombie
  3 newts
41 creatures vanquished.

No species were genocided or became extinct.

Game over:
                       ----------
                      /          \
                     /    REST    \
                    /      IN      \
                   /     PEACE      \
                  /                  \
                  |      Jobair      |
                  |      146 Au      |
                  |   killed by a    |
                  |      dwarf       |
                  |                  |
                  |                  |
                  |       2026       |
                 *|     *  *  *      | *
        _________)/\\_//(\/(/\)/\//\/|_)_______

Goodbye Jobair the Archeologist...

You died in The Dungeons of Doom on dungeon level 6 with 858 points,
and 146 pieces of gold, after 1967 moves.
You were level 4 with a maximum of 39 hit points when you died.

